 Dungeon Crawl Stone Soup version 0.23-a0-386-g9c9d49f (webtiles) character file.

53 Geeful the Firebug (level 3, 0/28 HPs)
             Began as a Naga Fire Elementalist on Oct 28, 2018.
             Slain by a gnoll
             ... wielding a cursed -3 spear
              (4 damage)
             ... on level 2 of the Dungeon.
             The game lasted 00:08:17 (2118 turns).

Geeful the Firebug (Naga Fire Elementalist)         Turns: 2118, Time: 00:08:18

Health: 0/28       AC:  3    Str: 10    XL:     3   Next: 87%
Magic:  6/6        EV: 10    Int: 22    God:
Gold:   59         SH:  0    Dex: 11    Spells: 6/7 levels left

rFire    . . .     SeeInvis +   m - +0 dagger
rCold    . . .     Gourm    .   (no shield)
rNeg     + . .     Faith    .   a - +1 robe
rPois    +         Spirit   .   (no helmet)
rElec    .         Reflect  .   (no cloak)
rCorr    .         Harm     .   (no gloves)
MR       .....                  (no barding)
Stlth    ++........             (no amulet)
HPRegen  0.09/turn              k - ring of positive energy
MPRegen  0.10/turn              j - +6 ring of intelligence

@: very slightly contaminated, invisible, very slow
A: large, see invisible, deformed body, poison resistance, slowness 2, slow
metabolism 1, spit poison 1, AC +1
a: Spit Poison


You were on level 2 of the Dungeon.
You were not hungry.

You visited 1 branch of the dungeon, and saw 2 of its levels.

You collected 59 gold pieces.

Inventory:

Hand Weapons
 m - a +0 dagger (weapon)
Missiles
 f - 34 stones (quivered)
Armour
 a - a +1 robe (worn)
Jewellery
 d - an uncursed ring of resist corrosion
 j - a +6 ring of intelligence (right hand)
 k - a ring of positive energy (left hand)
Scrolls
 i - 2 scrolls of blinking {unknown}
Potions
 b - a potion of heal wounds
 e - a potion of resistance {unknown}
 g - a potion of invisibility
 h - 2 potions of magic {unknown}
 n - a potion of curing {unknown}
Comestibles
 c - 4 rations
 l - 2 chunks of flesh


   Skills:
 - Level 1.6 Dodging
 - Level 3.1 Stealth
 + Level 2.6 Spellcasting
 + Level 2.1 Conjurations
 + Level 3.5 Fire Magic


You had 6 spell levels left.
You knew the following spells:

 Your Spells              Type           Power        Failure   Level  Hunger
a - Flame Tongue          Conj/Fire      ###..        4%          1    None

Your spell library contained the following spells:

 Spells                   Type           Power        Failure   Level  Hunger
 Throw Flame              Conj/Fire      ###...       6%          2    ##.....
 Conjure Flame            Conj/Fire      ###.....     12%         3    ###....
 Inner Flame              Hex/Fire       ##......     19%         3    ###....
 Sticky Flame             Conj/Fire      ###.....     36%         4    ####...
 Fireball                 Conj/Fire      ###.......   73%         5    ######.


Dungeon Overview and Level Annotations

Branches:
Dungeon (2/15)

Altars:
Ashenzari


Innate Abilities, Weirdness & Mutations

You cannot wear boots.
Your serpentine skin is tough. (AC +1)
You have supernaturally acute eyesight. (SInv)
Armour fits poorly on your strangely shaped body.
Your system is resistant to poisons. (rPois)
You cover ground very slowly.
You have a slow metabolism.
You can spit poison.


Message History

The gnoll is heavily wounded.
The gnoll hits you with a +0 spear. The gnoll closely misses you.
You hit the gnoll.
The gnoll is heavily wounded.
The gnoll hits you with a +0 spear.
You hit the gnoll.
The gnoll is lightly wounded.
The gnoll closely misses you. The gnoll barely misses you.
You barely miss the gnoll.
The gnoll is lightly wounded.
The gnoll hits you with a cursed -3 spear.
The gnoll hits you with a +0 spear.
* * * LOW HITPOINT WARNING * * *
The gnoll hits you with a +0 spear.
* * * LOW HITPOINT WARNING * * *
You see here a stone.
The gnoll closely misses you. The gnoll completely misses you.
The gnoll closely misses you.
The gnoll hits you with a cursed -3 spear.
You die...

#.# # #.##### # #.....#
.. # #####.# ######.###
#
######.#######.........
.
....^.....#...((†....#.#
#
#######.....###g##.#...#
###.#####g# .# ###
#.....@.# . ######### #.
#. ##


You could see 2 gnolls.

Vanquished Creatures
  2 adders (D:2)
  A worm (D:2)
  A dart slug (D:1)
  4 bats
  A giant cockroach (D:1)
  5 goblins
  7 hobgoblins
  A frilled lizard (D:1)
  4 kobolds
  3 rats
29 creatures vanquished.

Notes
Turn   | Place    | Note
-------+----------+-------------------------------------------
     0 | D:1      | Geeful the Naga Fire Elementalist began the quest for the
                  | Orb.
     0 | D:1      | Reached XP level 1. HP: 15/15 MP: 3/3
   548 | D:1      | Reached XP level 2. HP: 21/22 MP: 0/5
   604 | D:1      | Found a shattered altar of Ashenzari.
  1393 | D:2      | Found a shattered altar of Ashenzari.
  1397 | D:2      | Reached XP level 3. HP: 27/28 MP: 3/6
  2118 | D:2      | Slain by a gnoll

Vault maps used:
D:1:      elethiomel_arrival_maze, nicolae_ashenzari_panopticon
D:2:      old_standard_altar, first_ration

Skill      XL: |  1  2  3 |
---------------+----------+-----
Conjurations   | 2 |  2.1
Dodging        | |  1.6
Stealth        | |  3.1
Spellcasting   | |  2.6
Fire Magic     | |  3.5

Action                   || total
-------------------------++-------
Melee: Unarmed           ||    31
       Dagger            ||    18
 Cast: Flame Tongue      ||    36
 Abil: Spit Poison       ||     2
  Use: Potion            ||     2
       Scroll            ||     1
 Stab: Sleeping          ||     6
  Eat: Chunk             ||     3
Armor: Robe              ||     8
Dodge: Dodged            ||    43

Table legend:
 A = Non-vault XP
 B = Vault XP
 C = Vault XP percentage of total XP
 D = Non-vault monster count
 E = Vault monster count
 F = Vault count percentage of total count
                 A         B        C        D         E       F
            +---------+---------+-------+---------+---------+-------
      Total |      76 |       0 |   0.0 |      29 |       0 |   0.0
            +---------+---------+-------+---------+---------+-------
        D:1 |      27 |       0 |   0.0 |      15 |       0 |   0.0
        D:2 |      49 |       0 |   0.0 |      14 |       0 |   0.0
            +---------+---------+-------+---------+---------+-------
